 Dungeon Crawl Stone Soup version 0.31-a0-344-gd109795599 (webtiles) character file.

Game seed: 6499212897838926374

7500 lessens the Cleaver (level 10, 0/77 HPs)
             Began as a Grey Draconian Fighter on July 22, 2023.
             Was a Priest of Trog.
             Slain by a troll (3 damage)
             ... on level 11 of the Dungeon.
             The game lasted 00:13:44 (13183 turns).

lessens the Cleaver (Grey Draconian Fighter)       Turns: 13183, Time: 00:13:44

Health: 0/77       AC: 16    Str: 29    XL:     10   Next: 95%
Magic:  10/10      EV: 14    Int:  8    God:    Trog [***...]
Gold:   478        SH:  4    Dex: 11    Spells: 9/9 levels left

rFire   . . .        B - +3 war axe
rCold   . . .        b - +0 buckler
rNeg    . . .        (body armour unavailable)
rPois   +            (helmet restricted)
rElec   .            a - +0 cloak
rCorr   .            (no gloves)
SInv    .            A - +2 pair of boots
Will    .....        v - amulet of faith
Stlth   +            f - ring of poison resistance
HPRegen 0.32/turn    H - +6 ring of strength
MPRegen 0.12/turn

%: faith
@: no status effects
A: AC +12, amphibious, unfitting armour, cold-blooded
a: Renounce Religion, Berserk, Trog's Hand


You were on level 11 of the Dungeon.
You worshipped Trog.
Trog was most pleased with you.
You visited 2 branches of the dungeon, and saw 12 of its levels.
You also visited: Sewer.

You collected 706 gold pieces.
You spent 228 gold pieces at shops.

Inventory:

Hand Weapons
 x - a +0 war axe
 B - a +3 war axe (weapon)
Missiles
 e - 123 stones
 s - 18 poisoned darts (quivered)
 u - 6 boomerangs
 I - 3 throwing nets
Armour
 a - a +0 cloak (worn)
 b - a +0 buckler (worn)
 A - a +2 pair of boots (worn)
Jewellery
 f - a ring of poison resistance (left hand)
 v - an amulet of faith (around neck)
 H - a +6 ring of strength (right hand)
Wands
 t - a wand of iceblast (1)
 G - a wand of mindburst (15)
Scrolls
 d - 4 scrolls of teleportation
 g - 2 scrolls of identify
 h - 3 scrolls of butterflies
 j - 3 scrolls of enchant weapon
 k - a scroll of vulnerability
 m - 3 scrolls of noise
 p - a scroll of immolation
 q - a scroll of revelation {unknown}
 r - a scroll of poison {unknown}
 y - 2 scrolls of blinking {unknown}
 C - a scroll of silence {unknown}
 D - a scroll of brand weapon {unknown}
Potions
 c - a potion of might
 i - 3 potions of heal wounds
 l - a potion of curing
 n - 3 potions of berserk rage
 o - a potion of experience {unknown}
 w - 3 potions of brilliance
 z - a potion of attraction {unknown}
 E - 2 potions of resistance
 F - a potion of mutation


   Skills:
 + Level 3.2 Fighting
 * Level 14.8 Axes
 - Level 7.9 Dodging
 - Level 3.0 Shields


You had 9 spell levels left.
You didn't know any spells.
Your spell library was empty.

Dungeon Overview and Level Annotations

Branches:
Dungeon (11/15) Zot: 26990  Temple (1/1) D:4 Zot: 5983    Lair (0/5) D:9
  Sewer (visited)
    Orc: D:9-12

Altars:
Ashenzari
Cheibriados
Dithmenos
Elyvilon
Fedhas
Gozag
Hepliaklqana
Kikubaaqudgha
Makhleb
Nemelex Xobeh
Okawaru
Qazlal
Ru
Sif Muna
Trog
Uskayaw
Vehumet
Wu Jian
Xom
Yredelemnul
Zin
The Shining One

Shops:
D:8 !

Annotations:
D:3 1 runed translucent door, GiantSquids's ghost, amateur TrMo
D:7 3 runed translucent doors, innerfire43's ghost, novice DsMo
D:9 1 transporter


Innate Abilities, Weirdness & Mutations

Your dull iron-grey scales are very hard. (AC +12)
You are amphibious.
You cannot fit into any form of body armour.
You are cold-blooded and may be slowed by cold attacks.


Message History

The poisoned dart hits the boulder beetle.
The boulder beetle leaps!
Throw: 21 darts (poison)
Press: ? - help, Q - select action, (/) - cycle Shift-Dir - straight line, f - troll
Aim: a troll (52% to hit)
You throw a poisoned dart.
The poisoned dart closely misses the troll.
Throw: 20 darts (poison)
Press: ? - help, Q - select action, (/) - cycle Shift-Dir - straight line, f/p - troll
Aim: a troll (sparse dust, 52% to hit)
You throw a poisoned dart.
The poisoned dart barely misses the troll.
Throw: 19 darts (poison)
Press: ? - help, Q - select action, (/) - cycle Shift-Dir - straight line, f/p - troll
Aim: a troll (52% to hit)
You throw a poisoned dart.
The poisoned dart completely misses the troll.
The poisoned dart hits the boulder beetle.
The boulder beetle is poisoned.
The boulder beetle curls into a ball and begins rolling!
You slash the troll!
Your tail-slap misses the troll.
The troll is moderately wounded.
You hit the troll.
The troll is moderately wounded.
The troll bites you! You block the troll's attack. The troll claws you!
You hit the troll.
The troll is moderately wounded.
The troll bites you. The troll misses you.
The troll claws you but does no damage.
You completely miss the troll.
The troll is moderately wounded.
You block the troll's attack. The troll barely misses you. x2
The boulder beetle hits you!!!
Ouch! That really hurt!
* * * LOW HITPOINT WARNING * * *
The boulder beetle stops rolling and uncurls.
The troll bites you!
* * * LOW HITPOINT WARNING * * *
The troll claws you.
You die...

#########
#@T○°°°.(
#.B......
#........
#......".
#........
+........
#........
##+######


You could see a boulder beetle (poisoned) and a troll.

Vanquished Creatures
  Harold (D:9)
  2 two-headed ogres (D:10)
  Pikel (D:8)
  An ugly thing (D:7)
  Maurice (D:9)
  2 wraiths
  3 yaks (D:9)
  3 steam dragons
  An acid dragon (D:9)
  2 water moccasins
  2 orc warriors
  2 sky beasts
  3 ice beasts
  A black bear (D:5)
  3 ogres (D:5)
  2 centaurs
  3 lemures (D:8)
  2 kobold brigands
  A bullfrog (D:8)
  2 scorpions
  5 wights (D:9)
  6 killer bees (D:10)
  2 howler monkeys (D:9)
  6 electric eels (D:7)
  7 orc priests
  2 hounds
  3 jellies
  A sleepcap (D:5)
  2 iguanas
  5 orc wizards
  8 adders
  2 shadow imps
  An ufetubus (D:7)
  4 dart slugs
  26 orcs
  9 endoplasms
  9 giant cockroaches
  7 goblins
  6 hobgoblins
  5 quokkas (D:5)
  5 ball pythons
  5 bats (Sewer)
  A frilled lizard (D:2)
  21 kobolds
  5 rats
191 creatures vanquished.

Vanquished Creatures (others)
  An orc (D:9)
1 creature vanquished.

Grand Total: 192 creatures vanquished

Notes
Turn   | Place    | Note
-------+----------+-------------------------------------------
     0 | D:1      | lessens the Draconian Fighter began the quest for the Orb.
     0 | D:1      | Reached XP level 1. HP: 19/19 MP: 1/1
   121 | D:1      | Reached XP level 2. HP: 24/26 MP: 2/2
   252 | D:1      | Reached skill level 3 in Axes
  1042 | D:2      | Reached XP level 3. HP: 31/31 MP: 3/3
  1211 | D:2      | Found a hazy altar of Hepliaklqana.
  1277 | D:2      | Identified the +0 flail of Dung {heavy, *Rage Fly Dex+7
                  | Stlth+}
  1589 | D:2      | Reached skill level 4 in Axes
  1599 | D:2      | Found a faded altar of an unknown god.
  1989 | D:3      | Reached XP level 4. HP: 38/38 MP: 4/4
  2149 | D:3      | Found an opulent altar of Gozag.
  2230 | D:3      | Reached skill level 5 in Axes
  2265 | D:3      | Found a runed translucent door.
  2266 | D:3      | Noticed GiantSquids's ghost (amateur TrMo)
  2266 | D:3      | Noticed a scorpion
  2390 | D:3      | Found a shadowy altar of Dithmenos.
  2617 | D:4      | Reached XP level 5. HP: 27/45 MP: 5/5
  2786 | D:4      | Reached skill level 6 in Axes
  2860 | D:4      | Reached XP level 6. HP: 30/51 MP: 6/6
  3066 | D:4      | Found a sacrificial altar of Ru.
  3070 | D:4      | Found a snail-covered altar of Cheibriados.
  3075 | D:4      | Found a hazy altar of Hepliaklqana.
  3161 | D:4      | Found a staircase to the Ecumenical Temple.
  3360 | Temple   | Entered the Ecumenical Temple
  3368 | Temple   | Became a worshipper of Trog the Wrathful
  3394 | D:4      | Reached skill level 7 in Axes
  4111 | D:5      | Entered Level 5 of the Dungeon
  4296 | D:5      | Noticed a water moccasin
  4305 | D:5      | HP: 2/51 [water moccasin (7)]
  4307 | D:5      | Killed a water moccasin
  4308 | D:5      | Your scales start taking on a dull iron-grey colour.
  4308 | D:5      | Reached XP level 7. HP: 29/57 MP: 7/7
  4308 | D:5      | Found a glowing drain.
  4325 | Sewer    | Entered a sewer
  4425 | Sewer    | Reached skill level 8 in Axes
  4593 | D:5      | Found a burning altar of Makhleb.
  4982 | D:5      | Reached skill level 9 in Axes
  5264 | D:5      | Reached XP level 8. HP: 53/63 MP: 8/8
  5626 | D:5      | Reached skill level 10 in Axes
  5911 | D:6      | Reached * piety under Trog
  5945 | D:6      | Found an iron altar of Okawaru.
  6084 | D:6      | Found a white marble altar of Elyvilon.
  7157 | D:7      | Noticed a green ugly thing
  7173 | D:7      | Killed a green ugly thing
  7174 | D:7      | Reached skill level 11 in Axes
  7236 | D:7      | Reached XP level 9. HP: 49/70 MP: 9/9
  7236 | D:7      | Reached ** piety under Trog
  7549 | D:7      | Found a runed translucent gate.
  7570 | D:7      | Found a runed translucent gate.
  7570 | D:7      | Found an opulent altar of Gozag.
  7625 | D:7      | Found a runed translucent gate.
  7627 | D:7      | Noticed innerfire43's ghost (novice DsMo)
  7656 | D:7      | Found an ornate altar of the Wu Jian Council.
  8155 | D:7      | Noticed a boulder beetle
  8155 | D:7      | Noticed a centaur warrior
  8734 | D:8      | Reached skill level 5 in Dodging
  8833 | D:8      | Found a glowing silver altar of Zin.
  8867 | D:8      | Reached skill level 12 in Axes
  9094 | D:8      | Found Nearcho's Distillery.
  9097 | D:8      | Bought a potion of resistance for 120 gold pieces
  9097 | D:8      | Bought a potion of mutation for 96 gold pieces
  9097 | D:8      | Bought a potion of degeneration for 12 gold pieces
  9506 | D:8      | Found a basalt altar of Yredelemnul.
  9623 | D:8      | Found a radiant altar of Vehumet.
  9817 | D:8      | Noticed Pikel
  9829 | D:8      | Killed Pikel
 10088 | D:9      | Reached skill level 13 in Axes
 10369 | D:9      | Reached XP level 10. HP: 26/77 MP: 10/10
 10609 | D:9      | Found a transporter.
 10767 | D:9      | Reached *** piety under Trog
 10845 | D:9      | Noticed Maurice
 11412 | D:9      | Killed Maurice
 11745 | D:9      | Found a staircase to the Lair.
 11834 | D:9      | Noticed Harold
 11844 | D:9      | Killed Harold
 11845 | D:9      | Reached skill level 14 in Axes
 12152 | D:10     | Entered Level 10 of the Dungeon
 12292 | D:10     | Found a sparkling altar of Nemelex Xobeh.
 12354 | D:10     | Noticed a two-headed ogre
 12364 | D:10     | Killed a two-headed ogre
 12644 | D:10     | Found a blossoming altar of Fedhas.
 12689 | D:10     | Noticed a two-headed ogre
 12698 | D:10     | Killed a two-headed ogre
 13174 | D:11     | Noticed a boulder beetle
 13183 | D:11     | HP: 3/77 [troll (9)]
 13183 | D:11     | Slain by a troll

Illustrated notes

Levels and vault maps discovered:
D:1:      shiori_arrival_oz, layout_basic, serial_corexii_hall,
          chequers_hall_statues_corner_a, chequers_hall_statues_wall_a
D:2:      layout_basic, basic_altar, shapermc_ecumenical_altar_pompeii,
          minmay_misc_feat_tiny
D:3:      layout_rooms, grunt_dithmenos_smoke_and_mirrors,
          mainiacjoe_overflow_boulevard, ebering_ghost_inner_flame,
          kennysheep_another_room, nicolae_elevator_lobby_asterisk
D:4:      layout_basic, minmay_overflow_temple_star_quad,
          minmay_temple_entry_water_ring
D:5:      layout_basic, overflow_temple_1_default, portal_sewer_entry_f,
          nicolae_letterblocks [nicolae_letter_subblock,
          nicolae_letter_subblock, nicolae_letter_subblock,
          nicolae_letter_subblock, nicolae_letter_subblock,
          nicolae_letter_subblock, nicolae_letter_subblock,
          nicolae_letter_subblock, nicolae_letter_subblock,
          nicolae_letter_subblock, nicolae_letter_subblock,
          nicolae_letter_subblock, nicolae_letter_subblock,
          nicolae_letter_subblock, nicolae_letter_subblock,
          nicolae_letter_subblock, nicolae_letter_subblock,
          nicolae_letter_subblock, nicolae_letter_subblock,
          nicolae_letter_subblock, nicolae_letter_subblock,
          nicolae_letter_subblock, nicolae_letter_subblock,
          nicolae_letter_subblock, nicolae_letter_subblock]
D:6:      layout_basic, mainiacjoe_overflow_brackets,
          kennysheep_okawaru_gauntlet
D:7:      cheibrodos_two_vegetables, layout_layer_cave, general_overflow_altar,
          ebering_ghost_gozag, kennysheep_generic_room_4
D:8:      layout_basic, kennysheep_mini_moat,
          mainiacjoe_overflow_concentric_impassable,
          mainiacjoe_overflow_small_starburst, serial_shops, kennysheep_mini,
          uniq_pikel
D:9:      layout_basic, lair_entry_dummy,
          nicolae_concentric_dashed_squares_wild, nicolae_diode_basic,
          uniq_maurice, uniq_harold
D:10:     layout_irregular_city, fedhas_altar_1, mainiacjoe_overflow_24_doors
D:11:     layout_roguey
Temple:   hellmonk_temple_forest_ring

Skill      XL: |  1  2  3  4  5  6  7  8  9 10 |
---------------+-------------------------------+-----
Axes           | 3 4 5 6 7 9 11 13 14 | 14.8
Dodging        | 4 6 7 |  7.9
Fighting       | |  3.2
Shields        | |  3.0

Action                     |  1- 3 |  4- 6 |  7- 9 | 10-12 || total
---------------------------+-------+-------+-------+-------++-------
  Melee: War axe           |   125 |   143 |   292 |   127 ||   687
         Tailslap          |    13 |    10 |    47 |    16 ||    86
  Throw: Boomerang         |       |       |     2 |       ||     2
         Dart              |       |       |       |     9 ||     9
 Invoke: Berserk           |       |       |     1 |     4 ||     5
  Evoke: Wand              |       |       |     4 |       ||     4
    Use: Potion            |       |     4 |       |       ||     4
         Scroll            |       |       |     6 |       ||     6
   Stab: Sleeping          |     2 |       |     1 |       ||     3
 Armour: Skin              |    30 |    55 |   115 |    45 ||   245
  Dodge: Dodged            |    73 |    76 |   144 |    52 ||   345
  Block: Buckler           |    20 |    22 |    36 |    18 ||    96

Table legend: (Time is in decaauts)
 A = Elapsed time spent in this place.
 B = Non-inter-level travel time spent in this place.
 C = Inter-level travel time spent in this place.
 D = Time resting spent in this place.
 E = Time spent auto-exploring this place.
 F = Levels seen in this place.
 G = Mean time per level.
                   A        B        C        D        E       F      G
               +--------+--------+--------+--------+--------+-----+--------+
         Total |  13309 |  12817 |    492 |   1733 |   9437 |  13 | 1023.8 |
       Dungeon |  13031 |  12547 |    484 |   1570 |   9437 |  11 | 1184.6 |
        Temple |     16 |      8 |      8 |      0 |      0 |   1 |   16.0 |
         Sewer |    261 |    261 |      0 |    163 |      0 |   1 |  261.0 |
               +--------+--------+--------+--------+--------+-----+--------+

Top non-repeatable levels by time:
     D:9: 2156 daAuts
     D:7: 1947 daAuts
     D:4: 1671 daAuts
     D:8: 1291 daAuts
     D:5: 1197 daAuts
     D:6: 1041 daAuts
    D:10: 1035 daAuts
     D:1: 990 daAuts
     D:3: 897 daAuts
     D:2: 795 daAuts
   Sewer: 261 daAuts
  Temple: 16 daAuts
    D:11: 8 daAuts

Levels and vault maps discovered:
D:1:      shiori_arrival_oz, layout_basic, serial_corexii_hall,
          chequers_hall_statues_corner_a, chequers_hall_statues_wall_a
D:2:      layout_basic, basic_altar, shapermc_ecumenical_altar_pompeii,
          minmay_misc_feat_tiny
D:3:      layout_rooms, grunt_dithmenos_smoke_and_mirrors,
          mainiacjoe_overflow_boulevard, ebering_ghost_inner_flame,
          kennysheep_another_room, nicolae_elevator_lobby_asterisk
D:4:      layout_basic, minmay_overflow_temple_star_quad,
          minmay_temple_entry_water_ring
D:5:      layout_basic, overflow_temple_1_default, portal_sewer_entry_f,
          nicolae_letterblocks [nicolae_letter_subblock,
          nicolae_letter_subblock, nicolae_letter_subblock,
          nicolae_letter_subblock, nicolae_letter_subblock,
          nicolae_letter_subblock, nicolae_letter_subblock,
          nicolae_letter_subblock, nicolae_letter_subblock,
          nicolae_letter_subblock, nicolae_letter_subblock,
          nicolae_letter_subblock, nicolae_letter_subblock,
          nicolae_letter_subblock, nicolae_letter_subblock,
          nicolae_letter_subblock, nicolae_letter_subblock,
          nicolae_letter_subblock, nicolae_letter_subblock,
          nicolae_letter_subblock, nicolae_letter_subblock,
          nicolae_letter_subblock, nicolae_letter_subblock,
          nicolae_letter_subblock, nicolae_letter_subblock]
D:6:      layout_basic, mainiacjoe_overflow_brackets,
          kennysheep_okawaru_gauntlet
D:7:      cheibrodos_two_vegetables, layout_layer_cave, general_overflow_altar,
          ebering_ghost_gozag, kennysheep_generic_room_4
D:8:      layout_basic, kennysheep_mini_moat,
          mainiacjoe_overflow_concentric_impassable,
          mainiacjoe_overflow_small_starburst, serial_shops, kennysheep_mini,
          uniq_pikel
D:9:      layout_basic, lair_entry_dummy,
          nicolae_concentric_dashed_squares_wild, nicolae_diode_basic,
          uniq_maurice, uniq_harold
D:10:     layout_irregular_city, fedhas_altar_1, mainiacjoe_overflow_24_doors
D:11:     layout_roguey
Temple:   hellmonk_temple_forest_ring
